 Dungeon Crawl Stone Soup version 0.19.4-8-ga85b6b9 (webtiles) character file.

816 kwel01 the Thaumaturge (level 7, -1/38 HPs)
             Began as a Deep Elf Wizard on Feb 11, 2017.
             Slain by a wraith (4 damage)
             ... in an ossuary.
             The game lasted 00:27:10 (4640 turns).

kwel01 the Thaumaturge (Deep Elf Wizard)            Turns: 4640, Time: 00:27:11

Health: -1/38      AC:  4    Str:  6    XL:     7   Next: 62%
Magic:  6/21       EV: 13    Int: 23    God:
Gold:   226        SH:  0    Dex: 13    Spells: 7 memorised, 9 levels left

rFire  . . .     SeeInvis .     l - +6 short sword
rCold  . . .     Gourm    .     a - +0 robe
rNeg   . . .     Faith    .     (no shield)
rPois  .         Spirit   .     b - +0 hat
rElec  .         Reflect  .     u - +0 cloak
rCorr  +         Harm     .     m - +0 pair of gloves
MR     +....                    (no boots)
Stlth  +++.......               (no amulet)
                                q - ring of resist corrosion
                                n - ring of protection from magic

@: slowed, very slow
A: no striking features
a: no special abilities


You were in an ossuary.
You were very hungry.

You visited 1 branch of the dungeon, and saw 4 of its levels.
You also visited: Ossuary.

You collected 226 gold pieces.

Inventory:

Hand Weapons
 l - a +6 short sword (weapon)
Armour
 a - a +0 robe (worn)
 b - a +0 hat (worn)
 m - a +0 pair of gloves (worn)
 u - a +0 cloak (worn)
Jewellery
 n - a ring of protection from magic (left hand)
 q - a ring of resist corrosion (right hand)
 r - a cursed ring of teleportation {unknown}
 y - a cursed amulet of inaccuracy {unknown}
Scrolls
 f - a scroll of identify
 h - a scroll of amnesia {unknown}
 j - 2 scrolls of magic mapping {unknown}
 k - 2 scrolls of enchant weapon
 o - a scroll of recharging {unknown}
 p - a scroll of fog
 s - a scroll of fear
 v - 2 scrolls of blinking {unknown}
 z - 2 scrolls of noise {unknown}
Potions
 c - a potion of cure mutation {unknown}
 e - 4 potions of curing
 t - a potion of berserk rage {unknown}
 w - a potion of might
 x - a potion of heal wounds
Comestibles
 d - 8 bread rations
 g - 4 meat rations
 i - a slice of pizza


   Skills:
 + Level 1.2 Fighting
 + Level 2.8 Dodging
 + Level 4.1 Stealth
 + Level 9.2 Spellcasting
 + Level 4.5 Conjurations
 + Level 2.3 Summonings
 + Level 1.1 Translocations
 + Level 0.4 Fire Magic
 + Level 0.4 Air Magic
 + Level 0.9 Poison Magic


You had 9 spell levels left.
You knew the following spells:

 Your Spells              Type           Power        Failure   Level  Hunger
a - Magic Dart            Conj           ####         1%          1    None
b - Call Imp              Summ           ###.....     3%          2    None
c - Repel Missiles        Chrm/Air       ##....       10%         2    None
d - Conjure Flame         Conj/Fire      ###.....     10%         3    None
e - Slow                  Hex            ##......     12%         2    None
f - Mephitic Cloud        Conj/Pois/Air  ###.....     10%         3    None
g - Blink                 Tloc           N/A          10%         2    None


Dungeon Overview and Level Annotations

Branches:
Dungeon (4/15)
 Temple: D:4-7

Altars:


Message History

Your crimson imp blinks! x2
The wraith hits you.
* * * LOW HITPOINT WARNING * * *
Casting: Call Imp
Confirm with . or Enter, or press ? or * to list all spells.
Okay, then.
Casting: Call Imp
Confirm with . or Enter, or press ? or * to list all spells.
You blink.
Casting: Blink
Confirm with . or Enter, or press ? or * to list all spells.
Aiming: Conjure Flame
Press: ? - help, Dir - move target cursor, p - wraith The fire roars!
The wraith closely misses you.
Your crimson imp blinks!
An arrow misses your crimson imp! The wraith barely misses you.
Your crimson imp disappears in a puff of smoke!
Your crimson imp blinks!
The wraith hits you.
You die...

#+#..#+#..#+#^.#'#..#'#
#.#..#.#5.#.#..#.#..#.#
......................
...............^......
##......###......####
+...8...# #...8...'.#
.####......#+#......####
.........ยง.#.#..........
.......@W...............
.####^####....^####.####
#. +..#!'...8..^'.#..'.#
#..####.####.....####.####
#.........................
#......^.....#.#..........
#..####..5...#'#......####
#..#.'...8...#.#...8...'.#
#..####......###.^....####


You could see a wraith and a friendly crimson imp.

Vanquished Creatures
  Grinder (D:3)
  Sigmund (D:2)
  An elf zombie (Ossuary)
  A scorpion (D:4)
  A bullfrog skeleton (D:4)
  Jessica (D:3)
  Terence (D:3)
  2 worker ants (D:4)
  2 big kobold zombies (Ossuary)
  A mummy (Ossuary)
  4 gnolls (D:3)
  4 adders
  An ooze (D:4)
  An adder zombie (D:3)
  A worm (D:3)
  2 dart slugs (D:1)
  A leopard gecko (D:3)
  7 orcs
  3 giant cockroaches
  5 goblins
  8 hobgoblins
  5 jackals (D:1)
  7 kobolds
  2 quokkas
  A ball python (D:3)
  12 bats
  6 frilled lizards
  2 goblin zombies (Ossuary)
  3 hobgoblin zombies (Ossuary)
  A kobold zombie (Ossuary)
  9 rats
97 creatures vanquished.

Vanquished Creatures (collateral kills)
  An orc wizard (D:4)
  A mummy (Ossuary)
  An orc (D:4)
  A bat (D:3)
  2 goblin zombies (Ossuary)
  A hobgoblin zombie (Ossuary)
  2 kobold zombies (Ossuary)
9 creatures vanquished.

Grand Total: 106 creatures vanquished

Notes
Turn   | Place    | Note
-------+----------+-------------------------------------------
     0 | D:1      | kwel01 the Deep Elf Wizard began the quest for the Orb.
     0 | D:1      | Reached XP level 1. HP: 10/10 MP: 7/7
   342 | D:1      | Reached skill level 5 in Spellcasting
   342 | D:1      | Reached XP level 2. HP: 15/15 MP: 8/10
   929 | D:1      | Reached XP level 3. HP: 4/19 MP: 2/12
  1433 | D:2      | Noticed Sigmund
  1442 | D:2      | Killed Sigmund
  1442 | D:2      | Reached skill level 7 in Spellcasting
  1442 | D:2      | Reached XP level 4. HP: 8/24 MP: 4/15
  1442 | D:2      | Reached XP level 5. HP: 9/28 MP: 4/16
  1728 | D:2      | Learned a level 2 spell: Call Imp
  1731 | D:2      | Learned a level 2 spell: Repel Missiles
  1735 | D:2      | Learned a level 3 spell: Conjure Flame
  1738 | D:2      | Learned a level 2 spell: Slow
  1742 | D:2      | Learned a level 3 spell: Mephitic Cloud
  1745 | D:2      | Learned a level 2 spell: Blink
  2952 | D:3      | Noticed Jessica
  2956 | D:3      | Killed Jessica
  2956 | D:3      | Reached XP level 6. HP: 32/33 MP: 10/18
  3090 | D:3      | Noticed Terence
  3099 | D:3      | Killed Terence
  3337 | D:3      | Noticed Grinder
  3351 | D:3      | Killed Grinder
  3351 | D:3      | Reached skill level 8 in Spellcasting
  3599 | D:3      | Reached XP level 7. HP: 37/37 MP: 17/20
  4102 | D:4      | Reached skill level 1 in Fighting
  4162 | D:4      | Reached skill level 9 in Spellcasting
  4220 | D:4      | Found a sand-covered staircase.
  4227 | Ossuary  | Entered an ossuary
  4227 | Ossuary  | Noticed a wraith
  4227 | Ossuary  | Noticed a wraith
  4227 | Ossuary  | Noticed a wraith
  4624 | Ossuary  | Noticed a wraith
  4640 | Ossuary  | Slain by a wraith

Skill      XL: |  1  2  3  4  5  6  7 |
---------------+----------------------+-----
Spellcasting   | 5 7 8 9 |  9.2
Conjurations   | 2 3 4 |  4.5
Stealth        | 3 4 |  4.1
Summonings     | 2 |  2.3
Fighting       | 1 |  1.2
Dodging        | |  2.8
Translocations | |  1.1
Fire Magic     | |  0.4
Air Magic      | |  0.4
Poison Magic   | |  0.9

Action                   |  1- 3 |  4- 6 |  7- 9 || total
-------------------------+-------+-------+-------++-------
Melee: Unarmed           |     1 |       |       ||     1
       Short sword       |     2 |    12 |    15 ||    29
 Cast: Magic Dart        |   100 |    85 |    88 ||   273
       Call Imp          |       |     7 |     9 ||    16
       Conjure Flame     |       |     5 |     4 ||     9
       Mephitic Cloud    |       |     3 |       ||     3
       Slow              |       |     2 |       ||     2
       Blink             |       |       |     1 ||     1
  Use: Scroll            |       |     8 |       ||     8
       Potion            |       |     6 |       ||     6
 Stab: Sleeping          |       |     3 |       ||     3
  Eat: Chunk             |     1 |     7 |     2 ||    10
Armor: Robe              |     6 |     2 |     4 ||    12
Dodge: Dodged            |    33 |    21 |    23 ||    77
